NWL (28 & UNDER)
RIVERSIDE RED BULLS @ CULVER CITY EXTRAS
06/08/2029
 
TOP OF THE 1ST
Riverside Red Bulls batting - Pitching for Culver City Extras : LHP Sebastián Cervantes
Pitching: LHP Sebastián Cervantes
Batting: RHB Donovan James 0-0: Ball
1-0: Swinging Strike
1-1: SINGLE (Groundball, 56D)
Batting: SHB Ángel Estrada 0-0: Fly out, F8 (Flyball, 8RM)
Batting: RHB Bobby Miller 0-0: Ball
1-0: Ball
Donovan James is caught stealing 2nd base
2-0: DOUBLE (Line Drive, 7LD)
Batting: RHB Patrick Daniels 0-0: Ball
1-0: Called Strike
1-1: Ball
2-1: Ball
3-1: Fly out, F4 (Popup, 34)
Top of the 1st over - 0 runs, 2 hits, 0 errors, 1 left on base; Riverside 0 - Culver City 0
BOTTOM OF THE 1ST
Culver City Extras batting - Pitching for Riverside Red Bulls : RHP Bret Oliver
Pitching: RHP Bret Oliver
Batting: LHB Jorge Martínez 0-0: Swinging Strike
0-1: Ball
1-1: Foul Ball, location: 2F
1-2: Strikes out swinging
Batting: RHB Jamie Swyers 0-0: Foul Ball, location: 2F
0-1: Ball
1-1: Foul Ball, location: 2F
1-2: Ground out 4-3 (Groundball, 34)
Batting: LHB Tony Smith 0-0: Swinging Strike
0-1: Foul Ball, location: 2F
0-2: Ball
1-2: Hit by Pitch
Batting: RHB Clarence Harrison 0-0: Ball
1-0: Ball
Tony Smith steals 2nd base
2-0: Ball
3-0: Called Strike
3-1: Base on Balls
Batting: SHB Joey Boyd 0-0: Ball
1-0: Fielders Choice at 2nd, 6-4 (Groundball, 6)
Bottom of the 1st over - 0 runs, 0 hits, 0 errors, 2 left on base; Riverside 0 - Culver City 0
TOP OF THE 2ND
Riverside Red Bulls batting - Pitching for Culver City Extras : LHP Sebastián Cervantes
Batting: RHB Luis Bustamante 0-0: Ball
1-0: Ball
2-0: Called Strike
2-1: Ball
3-1: Base on Balls
Batting: RHB Zack Flint 0-0: Ball
1-0: Called Strike
1-1: Foul Ball, location: 2F
1-2: Ball
2-2: Foul Ball, location: 2F
2-2: Strikes out swinging
Batting: RHB Pete Woods 0-0: Called Strike
0-1: Foul Ball, location: 2F
0-2: Ball
1-2: Foul Ball, location: 2F
1-2: Foul Ball, location: 2F
1-2: Strikes out swinging
Batting: LHB Miguel Gálvez 0-0: Ball
1-0: Swinging Strike
1-1: Swinging Strike
1-2: Strikes out looking
Top of the 2nd over - 0 runs, 0 hits, 0 errors, 1 left on base; Riverside 0 - Culver City 0
BOTTOM OF THE 2ND
Culver City Extras batting - Pitching for Riverside Red Bulls : RHP Bret Oliver
Batting: RHB Jason McIntosh 0-0: Ball
1-0: Ball
2-0: Ground out 5-3 (Groundball, 56S)
Batting: RHB Dave Anderson 0-0: Called Strike
0-1: Ball
1-1: DOUBLE (Line Drive, 7D)
Batting: RHB Marcos Liñares 0-0: Called Strike
Dave Anderson steals 3rd base
0-1: Swinging Strike
0-2: Ball
1-2: Strikes out swinging
Batting: LHB Francisco Chavero 0-0: Called Strike
0-1: Ball
1-1: Ground out 6-3 (Groundball, 6)
Bottom of the 2nd over - 0 runs, 1 hit, 0 errors, 1 left on base; Riverside 0 - Culver City 0
TOP OF THE 3RD
Riverside Red Bulls batting - Pitching for Culver City Extras : LHP Sebastián Cervantes
Batting: RHB Gilberto Tovar 0-0: Ball
1-0: Ball
2-0: Ball
3-0: Called Strike
3-1: Foul Ball, location: 2F
3-2: Fly out, F4 (Popup, 23)
Batting: RHB Donovan James 0-0: Foul Ball, location: 2F
0-1: Ball
1-1: Ground out 6-3 (Groundball, 6)
Batting: SHB Ángel Estrada 0-0: Ball
1-0: Called Strike
1-1: Foul Ball, location: 2F
1-2: Ball
2-2: Ball
3-2: Strikes out swinging
Top of the 3rd over - 0 runs, 0 hits, 0 errors, 0 left on base; Riverside 0 - Culver City 0
BOTTOM OF THE 3RD
Culver City Extras batting - Pitching for Riverside Red Bulls : RHP Bret Oliver
Batting: LHB Jorge Martínez 0-0: Fly out, F8 (Flyball, 8LM)
Batting: RHB Jamie Swyers 0-0: Ball
1-0: Called Strike
1-1: Ball
2-1: Swinging Strike
2-2: Ground out U3 (Groundball, 34)
Batting: LHB Tony Smith 0-0: Ground out 4-3 (Groundball, 4)
Bottom of the 3rd over - 0 runs, 0 hits, 0 errors, 0 left on base; Riverside 0 - Culver City 0
TOP OF THE 4TH
Riverside Red Bulls batting - Pitching for Culver City Extras : LHP Sebastián Cervantes
Batting: RHB Bobby Miller 0-0: Ball
1-0: Called Strike
1-1: Ball
2-1: Swinging Strike
2-2: Foul Ball, location: 2F
2-2: Ball
3-2: Foul Ball, location: 2F
3-2: Base on Balls
Batting: RHB Patrick Daniels 0-0: Ball
1-0: Ball
2-0: Fly out, F8 (Flyball, 8RS)
Batting: RHB Luis Bustamante 0-0: Called Strike
0-1: Ground out 5-3 (Groundball, 56S)
Bobby Miller to second
Batting: RHB Zack Flint 0-0: Reached on error, E5 (Line Drive, 5)
Bobby Miller to third
Batting: RHB Pete Woods 0-0: Called Strike
0-1: Fly out, F8 (Line Drive, 78M)
Top of the 4th over - 0 runs, 0 hits, 1 error, 2 left on base; Riverside 0 - Culver City 0
BOTTOM OF THE 4TH
Culver City Extras batting - Pitching for Riverside Red Bulls : RHP Bret Oliver
Batting: RHB Clarence Harrison 0-0: Ball
1-0: Ball
2-0: Ball
3-0: Base on Balls
Batting: SHB Joey Boyd 0-0: Ball
1-0: Ball
Clarence Harrison steals 2nd base
2-0: Foul Ball, location: 2F
2-1: Ball
3-1: Base on Balls
Batting: RHB Jason McIntosh 0-0: Fielders Choice at 2nd, 3-6 (Groundball, 34)
Clarence Harrison to third
Batting: RHB Dave Anderson 0-0: Ball
1-0: Called Strike
1-1: Foul Ball, location: 2F
1-2: Foul Ball, location: 2F
1-2: Foul Ball, location: 2F
1-2: Fielders Choice at 2nd, 1-6 (Groundball, 13S)
Batting: RHB Marcos Liñares 0-0: Swinging Strike
0-1: Ball
1-1: Called Strike
1-2: Ball
2-2: Ball
Dave Anderson is caught stealing 2nd base
Bottom of the 4th over - 0 runs, 0 hits, 0 errors, 1 left on base; Riverside 0 - Culver City 0
TOP OF THE 5TH
Riverside Red Bulls batting - Pitching for Culver City Extras : LHP Sebastián Cervantes
Batting: LHB Miguel Gálvez 0-0: Ball
1-0: Foul Ball, location: 2F
1-1: Foul Ball, location: 2F
1-2: Foul Ball, location: 2F
1-2: Strikes out looking
Batting: RHB Gilberto Tovar 0-0: Called Strike
0-1: Ground out 6-3 (Groundball, 6S)
Batting: RHB Donovan James 0-0: Ball
1-0: Swinging Strike
1-1: Ball
2-1: SINGLE (Flyball, 78M)
Batting: SHB Ángel Estrada 0-0: Called Strike
0-1: Called Strike
0-2: DOUBLE (Groundball, 5L)
Donovan James to third
Runner from 3rd tries for Home, SAFE, no throw
Batting: RHB Bobby Miller 0-0: Swinging Strike
0-1: Called Strike
0-2: DOUBLE (Line Drive, 7LD)
Ángel Estrada scores
Batting: RHB Patrick Daniels 0-0: Fly out, F3 (Popup, 3F)
Top of the 5th over - 2 runs, 3 hits, 0 errors, 1 left on base; Riverside 2 - Culver City 0
BOTTOM OF THE 5TH
Culver City Extras batting - Pitching for Riverside Red Bulls : RHP Bret Oliver
Batting: RHB Marcos Liñares 0-0: Swinging Strike
0-1: SINGLE (Groundball, 6S) (infield hit)
Batting: LHB Francisco Chavero 0-0: Ball
1-0: Foul Ball, location: 2F
1-1: Ball
2-1: Called Strike
Marcos Liñares steals 2nd base
2-2: Fly out, F9 (Line Drive, 9)
Batting: LHB Jorge Martínez 0-0: Ball
Marcos Liñares steals 3rd base
1-0: Called Strike
1-1: SINGLE (Groundball, 4MD)
Marcos Liñares scores
Batting: RHB Jamie Swyers 0-0: Called Strike
0-1: Ball
1-1: Ball
2-1: Grounds into double play, 6-4-3 (Groundball, 6)
Bottom of the 5th over - 1 run, 2 hits, 0 errors, 0 left on base; Riverside 2 - Culver City 1
TOP OF THE 6TH
Riverside Red Bulls batting - Pitching for Culver City Extras : LHP Sebastián Cervantes
Batting: RHB Luis Bustamante 0-0: Fly out, F2 (Popup, 23F)
Batting: RHB Zack Flint 0-0: Ball
1-0: Called Strike
1-1: Swinging Strike
1-2: Ball
2-2: Strikes out looking
Batting: RHB Pete Woods 0-0: Ball
1-0: Ball
2-0: Ball
3-0: Called Strike
3-1: Foul Ball, location: 2F
3-2: Base on Balls
Batting: LHB Miguel Gálvez 0-0: Called Strike
0-1: Foul Ball, location: 2F
0-2: Strikes out swinging, 2-3 out at first.
Top of the 6th over - 0 runs, 0 hits, 0 errors, 1 left on base; Riverside 2 - Culver City 1
BOTTOM OF THE 6TH
Culver City Extras batting - Pitching for Riverside Red Bulls : RHP Bret Oliver
Batting: LHB Tony Smith 0-0: Foul Ball, location: 2F
0-1: SINGLE (Groundball, 56D)
Batting: RHB Clarence Harrison 0-0: Ball
1-0: Ball
2-0: Swinging Strike
2-1: Called Strike
2-2: Strikes out looking
Batting: SHB Joey Boyd 0-0: Foul Ball, location: 2F
0-1: Called Strike
0-2: Ball
1-2: Strikes out looking
Batting: RHB Jason McIntosh 0-0: Ball
1-0: Swinging Strike
1-1: Ball
2-1: DOUBLE (Line Drive, 7LM)
Tony Smith to third
Batting: RHB Dave Anderson 0-0: Called Strike
0-1: Fly out, F7 (Flyball, 7LS)
Bottom of the 6th over - 0 runs, 2 hits, 0 errors, 2 left on base; Riverside 2 - Culver City 1
TOP OF THE 7TH
Riverside Red Bulls batting - Pitching for Culver City Extras : LHP Sebastián Cervantes
Batting: RHB Gilberto Tovar 0-0: Ball
1-0: Ball
2-0: Fly out, F9 (Flyball, 9S)
Batting: RHB Donovan James 0-0: Called Strike
0-1: Ball
1-1: Called Strike
1-2: Ball
2-2: Strikes out looking
Batting: SHB Ángel Estrada 0-0: SINGLE (Groundball, 4D)
Batting: RHB Bobby Miller 0-0: Ball
1-0: Called Strike
Throwing error on steal attempt, E2
Ángel Estrada to third
1-1: Ball
2-1: Swinging Strike
2-2: DOUBLE (Flyball, 8RXD)
Ángel Estrada scores
Pitching: RHP José García
Batting: RHB Patrick Daniels 0-0: Ball
1-0: Called Strike
1-1: Swinging Strike
1-2: Foul Ball, location: 2F
1-2: Ball
2-2: Ball
3-2: Strikes out swinging
Top of the 7th over - 1 run, 2 hits, 1 error, 1 left on base; Riverside 3 - Culver City 1
BOTTOM OF THE 7TH
Culver City Extras batting - Pitching for Riverside Red Bulls : RHP Bret Oliver
Pitching: RHP Júlio Vargas
Batting: RHB Marcos Liñares 0-0: Ground out 5-3 (Groundball, 5)
Batting: LHB Francisco Chavero 0-0: Called Strike
0-1: Ball
1-1: Ball
2-1: Ball
3-1: Foul Ball, location: 2F
3-2: Foul Ball, location: 2F
3-2: Base on Balls
Batting: LHB Jorge Martínez 0-0: Called Strike
0-1: SINGLE (Line Drive, 34D)
Francisco Chavero to second
Batting: RHB Jamie Swyers 0-0: Ball
1-0: Foul Ball, location: 2F
1-1: Ball
2-1: Ball
3-1: Base on Balls
Francisco Chavero to third
Jorge Martínez to second
Batting: LHB Tony Smith 0-0: Foul Ball, location: 2F
0-1: Foul Ball, location: 2F
0-2: Ball
1-2: Ball
2-2: Ball
3-2: Foul Ball, location: 2F
3-2: Base on Balls
Francisco Chavero scores
Jorge Martínez to third
Jamie Swyers to second
Pinch Hitting: LHB Randy Wiggins 0-0: Ball
1-0: Fly out, F8 (Flyball, 89XD)
Runner from 3rd tags up, SCORES, no throw
Jamie Swyers to third
Pitching: RHP Xavier Castañera
Pinch Hitting: RHB Horace Johnson 0-0: Ball
1-0: Called Strike
1-1: Called Strike
1-2: Fielders Choice at 2nd, 6-4 (Groundball, 6)
Bottom of the 7th over - 2 runs, 1 hit, 0 errors, 2 left on base; Riverside 3 - Culver City 3
TOP OF THE 8TH
Riverside Red Bulls batting - Pitching for Culver City Extras : RHP José García
Now at 3B: Horace Johnson
Now in LF: Randy Wiggins
Batting: RHB Luis Bustamante 0-0: Ball
1-0: Ground out 5-3 (Groundball, 56)
Batting: RHB Zack Flint 0-0: Called Strike
0-1: Swinging Strike
0-2: Fly out, F9 (Line Drive, 9)
Batting: RHB Pete Woods 0-0: Ball
1-0: Called Strike
1-1: Ball
2-1: Foul Ball, location: 2F
2-2: Ball
3-2: Foul Ball, location: 2F
3-2: Base on Balls
Pitching: LHP Marcos Ortíz
Batting: LHB Miguel Gálvez 0-0: Swinging Strike
0-1: Foul Ball, location: 2F
0-2: Strikes out looking
Top of the 8th over - 0 runs, 0 hits, 0 errors, 1 left on base; Riverside 3 - Culver City 3
BOTTOM OF THE 8TH
Culver City Extras batting - Pitching for Riverside Red Bulls : RHP Xavier Castañera
Batting: RHB Jason McIntosh 0-0: Called Strike
0-1: SINGLE (Line Drive, 8LM)
Batting: RHB Dave Anderson 0-0: Foul Ball, location: 2F
0-1: Bunted foul
0-2: Ball
1-2: Foul Ball, location: 2F
1-2: Foul Ball, location: 2F
1-2: Strikes out swinging
Batting: RHB Marcos Liñares 0-0: Ball
Jason McIntosh is caught stealing 2nd base
1-0: Called Strike
1-1: Ground out 4-3 (Groundball, 4)
Bottom of the 8th over - 0 runs, 1 hit, 0 errors, 0 left on base; Riverside 3 - Culver City 3
TOP OF THE 9TH
Riverside Red Bulls batting - Pitching for Culver City Extras : LHP Marcos Ortíz
Pitching: RHP Alejandro Longoria
Pinch Hitting: RHB Robert Stevens 0-0: Ball
1-0: Called Strike
1-1: Foul Ball, location: 2F
1-2: Strikes out swinging
Batting: RHB Donovan James 0-0: Foul Ball, location: 2F
0-1: Ball
1-1: Ball
2-1: Ground out 5-3 (Groundball, 56)
Batting: SHB Ángel Estrada 0-0: Swinging Strike
0-1: Foul Ball, location: 2F
0-2: Strikes out swinging, 2-3 out at first.
Top of the 9th over - 0 runs, 0 hits, 0 errors, 0 left on base; Riverside 3 - Culver City 3
BOTTOM OF THE 9TH
Culver City Extras batting - Pitching for Riverside Red Bulls : RHP Xavier Castañera
Pitching: RHP Ricardo López
Now at 2B: Walt Simmons
Pinch Hitting: LHB Buddy Rice 0-0: Ball
1-0: Foul Ball, location: 2F
1-1: Ball
2-1: Swinging Strike
2-2: DOUBLE (Flyball, 78D)
Batting: LHB Jorge Martínez 0-0: Intentional Walk
Batting: RHB Jamie Swyers 0-0: Called Strike
0-1: Foul Ball, location: 2F
0-2: Ball
1-2: Foul Ball, location: 2F
1-2: Ball
2-2: Ball
3-2: Strikes out swinging
Batting: LHB Tony Smith 0-0: Foul Ball, location: 2F
0-1: Ball
1-1: Ball
2-1: Swinging Strike
2-2: Foul Ball, location: 2F
2-2: Foul Ball, location: 2F
2-2: Fly out, F8 (Flyball, 8LD)
Batting: LHB Randy Wiggins 0-0: Called Strike
0-1: Ball
1-1: Ball
2-1: Called Strike
2-2: Ball
3-2: Ground out 6-3 (Groundball, 6)
Bottom of the 9th over - 0 runs, 1 hit, 0 errors, 2 left on base; Riverside 3 - Culver City 3
TOP OF THE 10TH
Riverside Red Bulls batting - Pitching for Culver City Extras : RHP Alejandro Longoria
Now at C: Pancho Reyna
Batting: RHB Bobby Miller 0-0: Called Strike
0-1: Ball
1-1: Ball
2-1: Foul Ball, location: 2F
2-2: Foul Ball, location: 2F
2-2: Foul Ball, location: 2F
2-2: Foul Ball, location: 2F
2-2: Foul Ball, location: 2F
2-2: Ball
3-2: SINGLE (Groundball, 56D)
Batting: RHB Patrick Daniels 0-0: Called Strike
0-1: Ball
1-1: Ball
Bobby Miller is caught stealing 2nd base
2-1: Ball
3-1: SINGLE (Groundball, 4) (infield hit)
Batting: RHB Luis Bustamante 0-0: Swinging Strike
0-1: Ball
1-1: Ball
2-1: SINGLE (Line Drive, 4D)
Patrick Daniels to second
Batting: RHB Zack Flint 0-0: Ball
1-0: Ball
2-0: Ball
3-0: Base on Balls
Patrick Daniels to third
Luis Bustamante to second
Batting: RHB Pete Woods 0-0: Called Strike
0-1: Foul Ball, location: 2F
0-2: Foul Ball, location: 2F
0-2: Ball
1-2: Strikes out swinging
Batting: LHB Miguel Gálvez 0-0: Ball
1-0: Swinging Strike
1-1: Ground out 4-3 (Groundball, 4)
Top of the 10th over - 0 runs, 3 hits, 0 errors, 3 left on base; Riverside 3 - Culver City 3
BOTTOM OF THE 10TH
Culver City Extras batting - Pitching for Riverside Red Bulls : RHP Ricardo López
Batting: RHB Horace Johnson 0-0: Called Strike
0-1: SINGLE (Line Drive, 4M)
Batting: RHB Jason McIntosh 0-0: Called Strike
0-1: Foul Ball, location: 2F
0-2: Ball
1-2: Ball
2-2: SINGLE (Groundball, 6M) (infield hit)
Horace Johnson to second
Batting: RHB Dave Anderson 0-0: Bunted foul
0-1: Sac Bunt - play at first, batter OUT! 1-4
Horace Johnson to third
Jason McIntosh to second
Batting: RHB Marcos Liñares 0-0: Intentional Walk
Batting: RHB Pancho Reyna 0-0: Ball
1-0: Foul Ball, location: 2F
1-1: Ball
2-1: Called Strike
2-2: SINGLE (Line Drive, 56D)
Horace Johnson scores
Saturday, December 16th, 2017 - OOTP Baseball 18.8 Build 76